[Event "*** MasterClass Titled Tuesday Blitz"]
[Site "Chess.com"]
[Date "2017.12.12"]
[Round "9"]
[White "Alliswell998"]
[Black "goldenspine"]
[Result "1-0"]
[WhiteElo "2353"]
[BlackElo "2275"]
[TimeControl "180+2"]
[EndTime "15:03:39 PST"]
[Termination "Alliswell998 won by resignation"]

1. e4 e6 2. d4 d5 3. Nc3 Bb4 4. exd5 exd5 5. Bd3 Ne7 6. a3 Bxc3+ 7. bxc3 Nbc6 8. Ne2 Bf5 9. Nf4 Qd7 10. O-O O-O 11.
Qh5 Na5 12. Re1 Bxd3 13. cxd3 Nb3 14. Ra2 Nxc1 15. Rxc1 c6 16. Re1 Ng6 17. Nxg6 hxg6 18.
Qf3 Rfe8 19. Rae2 Rxe2 20. Qxe2 Kf8 21. h3 Re8 22. Qd2 Rxe1+ 23. Qxe1 Qd6 24. Qb1 b6 25. Qb3 Ke7 26. g3 Qe6 27. Kg2 Qe2 28. Qa4 Qxd3 29.
Qxa7+ Ke6 30. Qxb6 Qxc3 31. a4 Kf5 32. a5 Ke4 33. Qb1+ Kxd4 34. a6 Qa5 35. Qb7 Kc5 36.
a7 Qe1 37. a8=Q Qe4+ 38. Kh2 1-0

[Event "*** MasterClass Titled Tuesday Blitz"]
[Site "Chess.com"]
[Date "2017.12.12"]
[Round "9"]
[White "aspired"]
[Black "matiss90"]
[Result "0-1"]
[WhiteElo "2510"]
[BlackElo "2352"]
[TimeControl "180+2"]
[EndTime "15:03:47 PST"]
[Termination "matiss90 won by resignation"]

1. e4 c5 2. Nf3 d6 3. Bb5+ Bd7 4. Bxd7+ Qxd7 5. O-O Nf6 6. e5 dxe5 7. Nxe5 Qc8 8. d3 Nc6 9. Bf4 e6 10. Qf3 Nd4 11. Qd1 Bd6 12. Re1 Qc7 13. Bg3 h5 14. Nf3 Bxg3 15.
hxg3 h4 16. Nxh4 O-O-O 17. c3 g5 18. cxd4 gxh4 19. Qf3 Nd5 20. Nd2 hxg3 21. fxg3 Rdg8 22. Nf1 Kb8 23. Rac1 Qa5 24. Rxc5 Qxe1 0-1

[Event "*** MasterClass Titled Tuesday Blitz"]
[Site "Chess.com"]
[Date "2017.12.12"]
[Round "9"]
[White "jposthuma"]
[Black "dusanacns"]
[Result "0-1"]
[WhiteElo "2343"]
[BlackElo "2589"]
[TimeControl "180+2"]
[EndTime "15:04:00 PST"]
[Termination "dusanacns won on time"]

1. d4 Nf6 2. c4 g6 3. Nc3 Bg7 4. e4 O-O 5. f3 c6 6. Be3 d5 7.
cxd5 cxd5 8. e5 Nfd7 9. Nxd5 Nc6 10. Nc3 Nb6 11. Bb5 Bf5 12. Nge2 Nb4 13. Ne4 a6 14. Bd3 N6d5 15. Bf2 Nxd3+ 16. Qxd3 Qb6 17. O-O Rac8 18. N2c3 Rfd8 0-1

[Event "*** MasterClass Titled Tuesday Blitz"]
[Site "Chess.com"]
[Date "2017.12.12"]
[Round "9"]
[White "TijanaBlagojevic"]
[Black "chidori_boruto"]
[Result "0-1"]
[WhiteElo "2376"]
[BlackElo "2512"]
[TimeControl "180+2"]
[EndTime "15:04:04 PST"]
[Termination "chidori_boruto won by resignation"]

1. e4 c6 2. d4 d5 3. e5 Bf5 4. Nf3 e6 5. Be2 c5 6. O-O cxd4 7. Nxd4 Ne7 8. c4 Nbc6 9. Nb5 Nxe5 10. cxd5 Nxd5 11.
Nd4 Ne7 12. Nc3 a6 13. Bf4 N5c6 14. Nxf5 Nxf5 15. Qb3 Qc8 16. Na4 Nfd4 17. Qd3 Qd8 18. Bh5 Qh4 19. g4 g6 20. Nb6 Rd8 21. Bc7 Bd6 22.
Bxd6 Rxd6 23. Nc4 Rd8 24. Qa3 gxh5 25. Nd6+ Rxd6 26. Qxd6 Qxg4+ 27. Kh1 Qf3+ 0-1

[Event "*** MasterClass Titled Tuesday Blitz"]
[Site "Chess.com"]
[Date "2017.12.12"]
[Round "9"]
[White "marreta84"]
[Black "Enzy63"]
[Result "1-0"]
[WhiteElo "2330"]
[BlackElo "2103"]
[TimeControl "180+2"]
[EndTime "15:04:05 PST"]
[Termination "marreta84 won by resignation"]

1. e4 e5 2. Nf3 Nc6 3. Bb5 a6 4. Ba4 Nf6 5. O-O Be7 6. d3 b5 7. Bb3 d6 8. a3 O-O 9. h3 Na5 10. Ba2 c5 11. Nc3 Be6 12. Nd5 Nxd5 13. exd5 Bd7 14. b4 Nb7 15. c4 a5 16. Bd2 Bf6 17. Bc3 axb4 18. axb4 cxb4 19. Bxb4 e4 20. dxe4 Bxa1 21.
Qxa1 bxc4 22. Qb2 Qb6 23. Rb1 Na5 24. Qd2 Rfc8 25. Bc3 Nb3 26. Qg5 f6 27. Bxf6 g6 28. Qh6 1-0

[Event "*** MasterClass Titled Tuesday Blitz"]
[Site "Chess.com"]
[Date "2017.12.12"]
[Round "9"]
[White "twitchTriniCupid"]
[Black "toad"]
[Result "1-0"]
[WhiteElo "2226"]
[BlackElo "2170"]
[TimeControl "180+2"]
[EndTime "15:04:23 PST"]
[Termination "twitchTriniCupid won by resignation"]

1. d4 Nf6 2. c4 g6 3. Nc3 d5 4.
cxd5 Nxd5 5. Na4 Bg7 6. Nf3 O-O 7. h3 Nd7 8. e4 N5b6 9. Nc3 e5 10. Be3 exd4 11. Bxd4 Bxd4 12. Qxd4 Nf6 13. O-O-O Qxd4 14. Rxd4 c5 15. Rd6 Kg7 16. e5 Ne8 17. Rd8 Nc7 18. Rxf8 Kxf8 19. Ne4 Be6 20. Nxc5 Bxa2 21. b3 Ncd5 22.
Kb2 Nb4 23. Be2 Rc8 24. Rc1 N6d5 25. Ne6+ Ke7 26. Rxc8 Kxe6 27. Bc4 a6 28. Rd8 1-0

[Event "*** MasterClass Titled Tuesday Blitz"]
[Site "Chess.com"]
[Date "2017.12.12"]
[Round "9"]
[White "windking123"]
[Black "Tash_Boy"]
[Result "1-0"]
[WhiteElo "2376"]
[BlackElo "2452"]
[TimeControl "180+2"]
[EndTime "15:04:34 PST"]
[Termination "windking123 won by checkmate"]

1. e4 c5 2. d4 cxd4 3. c3 Nf6 4.
e5 Nd5 5. cxd4 Nc6 6. Nf3 d6 7.
Be2 g6 8. Nc3 Nxc3 9. bxc3 dxe5 10. d5 Nb8 11. Nxe5 Bg7 12. f4 O-O 13. O-O Nd7 14. c4 Nxe5 15. fxe5 Bxe5 16. Rb1 Bg7 17. Ba3 b6 18. Bf3 Bf5 19. Rb3 Rc8 20. Re3 Re8 21. Be2 Bd7 22. Kh1 e5 23. Bb2 f5 24.
Qb3 e4 25. Bxg7 Kxg7 26. g4 Qf6 27. gxf5 Bxf5 28. Bg4 Qe5 29. Bxf5 gxf5 30. Rg3+ Kh8 31.
Rg5 Rf8 32. Qh3 Rxc4 33. Qh6 Qg7 34. Qxg7# 1-0

[Event "*** MasterClass Titled Tuesday Blitz"]
[Site "Chess.com"]
[Date "2017.12.12"]
[Round "9"]
[White "TST2014"]
[Black "benhal"]
[Result "0-1"]
[WhiteElo "2263"]
[BlackElo "2296"]
[TimeControl "180+2"]
[EndTime "15:04:39 PST"]
[Termination "benhal won by checkmate"]

1. d4 d5 2. c4 dxc4 3. Nf3 Nf6 4. e3 b5 5. a4 b4 6. Bxc4 e6 7. O-O Be7 8. a5 a6 9. Nbd2 Bb7 10. Nb3 Nbd7 11.
Qe2 c5 12. Rd1 O-O 13. dxc5 Qc7 14. Bd2 Nxc5 15. Bxb4 Ng4 16. Bxc5 Bxc5 17. Nxc5 Qxc5 18. Nd4 e5 19. Qxg4 Qxc4 20. b3 Qb4 21. Ra4 Qc3 22. Nf5 g6 23. Qh4 Qxb3 24. Ne7+ Kg7 25. Raa1 Qe6 26. Rab1 Rad8 27. Rxd8 Rxd8 28. Nxg6 Qxg6 29. Rc1 Qxg2# 0-1

[Event "*** MasterClass Titled Tuesday Blitz"]
[Site "Chess.com"]
[Date "2017.12.12"]
[Round "9"]
[White "Vamostodorecto"]
[Black "tteshan"]
[Result "1-0"]
[WhiteElo "2313"]
[BlackElo "2023"]
[TimeControl "180+2"]
[EndTime "15:05:02 PST"]
[Termination "Vamostodorecto won by checkmate"]

1. d4 d5 2. c4 dxc4 3. Nf3 Nf6 4. e3 Bg4 5. Bxc4 e6 6. Nc3 a6 7. h3 Bh5 8. g4 Bg6 9. Bf1 Bb4 10. Bg2 Nd5 11. O-O Nxc3 12. bxc3 Bxc3 13. Ba3 Bxa1 14. Qxa1 Nd7 15. Qb2 Be4 16. Rc1 Nb6 17. Ne5 Bxg2 18. Kxg2 Rb8 19. e4 Nd7 20. Nc4 c5 21.
Nd6+ Ke7 22. dxc5 e5 23. Nxb7 Rxb7 24. Qxb7 Kf6 25. Qxa6+ Kg5 26. Kg3 f6 27. Rd1 Qc7 28. Qe6 Kg6 29. h4 Nxc5 30. h5+ Kh6 31. Bc1+ g5 32.
Qxf6# 1-0

[Event "*** MasterClass Titled Tuesday Blitz"]
[Site "Chess.com"]
[Date "2017.12.12"]
[Round "9"]
[White "marianokar"]
[Black "TheBigBoss04"]
[Result "1-0"]
[WhiteElo "2317"]
[BlackElo "2463"]
[TimeControl "180+2"]
[EndTime "15:05:07 PST"]
[Termination "marianokar won by resignation"]

1. d4 g6 2. e4 Bg7 3. c3 d6 4.
Nf3 a6 5. Bd3 b5 6. O-O Bb7 7. a4 Nd7 8. Nbd2 c6 9. Re1 e5 10.
axb5 axb5 11. Rxa8 Bxa8 12. c4 exd4 13. cxb5 c5 14. Nc4 Ne5 15. Nfxe5 dxe5 16. Qa4 Ne7 17.
Nd6+ Qxd6 18. Qxa8+ Qd8 19. Qa7 O-O 20. Qxc5 Qa5 21.
b4 Qd8 22. Bg5 f6 23. Bd2 Nc8 24. Ra1 f5 25. Ra8 Qd7 26. b6 Qb7 27. Bc4+ Kh8 28.
Bd5 Qxa8 29. Bxa8 Nxb6 30. Bc6 Nc8 31. Bd7 1-0

[Event "*** MasterClass Titled Tuesday Blitz"]
[Site "Chess.com"]
[Date "2017.12.12"]
[Round "9"]
[White "Parhamov"]
[Black "champ1000"]
[Result "1-0"]
[WhiteElo "2736"]
[BlackElo "2267"]
[TimeControl "180+2"]
[EndTime "15:05:09 PST"]
[Termination "Parhamov won by resignation"]

1. d4 Nf6 2. Bf4 d5 3. e3 e6 4.
Nd2 Bd6 5. Bg3 b6 6. Bd3 Ba6 7. Bxa6 Nxa6 8. c4 O-O 9. Ngf3 c6 10. a3 Nc7 11. b4 c5 12. dxc5 bxc5 13. b5 dxc4 14. a4 Bxg3 15. hxg3 c3 16. Nc4 Qd5 17. Qb3 Ne4 18. Rd1 Nd2 19. Nfxd2 cxd2+ 20. Kf1 Rad8 21. Rxd2 Qf5 22. Rh4 Rxd2 23. Nxd2 Rd8 24. Nf3 Qf6 25. Qb1 h6 26. Rc4 Rd5 27. e4 Rd7 28. Rxc5 Qd8 29. Ke2 Ne8 30. Qc2 Nd6 31. Ne5 Re7 32.
Nc6 Qd7 33. e5 Nf5 34. g4 Nd4+ 35. Nxd4 1-0

[Event "*** MasterClass Titled Tuesday Blitz"]
[Site "Chess.com"]
[Date "2017.12.12"]
[Round "9"]
[White "calemcc"]
[Black "visa"]
[Result "1-0"]
[WhiteElo "2267"]
[BlackElo "2081"]
[TimeControl "180+2"]
[EndTime "15:05:40 PST"]
[Termination "calemcc won by checkmate"]

1. d4 e6 2. c4 b6 3. Nf3 Bb7 4. g3 f5 5. Bg2 Nf6 6. O-O Be7 7. Qc2 Ne4 8. Ne5 d6 9. Nd3 Qc8 10. f3 Nf6 11. Nc3 O-O 12. b3 Nbd7 13. Nf4 Nb8 14.
e4 g5 15. Nfe2 Ne8 16. exf5 exf5 17. d5 Bf6 18. Bb2 Ng7 19. Nb5 Nd7 20. Nbd4 a5 21.
Rfe1 Nc5 22. Rad1 Qd7 23. Bh3 Be5 24. f4 Bxd4+ 25. Bxd4 g4 26. Bg2 Rae8 27. Nc3 c6 28. dxc6 Bxc6 29. Nd5 Bxd5 30. Bxd5+ Kh8 31. Qc3 h6 32. b4 axb4 33. Qxb4 Rxe1+ 34. Rxe1 Nd3 35. Qd2 Nxe1 36. Qxe1 Re8 37. Qb4 Qe7 38. Bf2 Qe2 39.
Qxb6 Qxa2 40. Qxd6 Qb1+ 41. Kg2 Qd1 42. Qxh6# 1-0

[Event "*** MasterClass Titled Tuesday Blitz"]
[Site "Chess.com"]
[Date "2017.12.12"]
[Round "9"]
[White "evgenysharapov"]
[Black "dawtonlms"]
[Result "1-0"]
[WhiteElo "2340"]
[BlackElo "2262"]
[TimeControl "180+2"]
[EndTime "15:05:42 PST"]
[Termination "evgenysharapov won by resignation"]

1. e4 c5 2. Nf3 d6 3. d4 cxd4 4. Nxd4 Nf6 5. Nc3 a6 6. g3 e5 7. Nb3 Be7 8. Bg2 Be6 9. O-O O-O 10. a4 Nbd7 11. Re1 Qc7 12. Nd2 Rab8 13. a5 Rfd8 14.
Nf1 b6 15. axb6 Nxb6 16. Rxa6 d5 17. exd5 Nbxd5 18. Nxd5 Bxd5 19. Bxd5 Nxd5 20. Qe2 Nb4 21. Ra4 Rbc8 22. c3 Nd3 23. Rd1 Qc6 24. Ra1 e4 25. Ne3 Ne5 26. Kg2 Rd3 27. Ra5 f6 28. Nd5 Rxd1 29.
Nxe7+ 1-0

[Event "*** MasterClass Titled Tuesday Blitz"]
[Site "Chess.com"]
[Date "2017.12.12"]
[Round "9"]
[White "amaidel"]
[Black "Bryakin_Mikhail"]
[Result "0-1"]
[WhiteElo "2485"]
[BlackElo "2547"]
[TimeControl "180+2"]
[EndTime "15:05:43 PST"]
[Termination "Bryakin_Mikhail won by checkmate"]

1. e4 c6 2. d4 d5 3. e5 Bf5 4.
Nf3 e6 5. Be2 Nd7 6. O-O h6 7. c4 Ne7 8. Nc3 dxc4 9. Bxc4 Bh7 10.
Qe2 Nb6 11. Bb3 Nf5 12. Rd1 Be7 13. Ne4 O-O 14. g4 Nh4 15. Nxh4 Bxh4 16. Nc5 Rb8 17. f4 Nd5 18. Qf3 Be7 19. Ne4 f5 20. exf6 Bxf6 21.
Nc5 Qd6 22. Be3 Bg5 23. Bxd5 cxd5 24. Rf1 b6 25. Nb3 Bd3 26. Rf2 Bh4 27. Rd2 Be4 28. Qh3 g5 29. fxg5 hxg5 30. Rf1 Rxf1+ 31. Qxf1 Rf8 32. Qc1 Qe7 33. Re2 Bf3 34. Rc2 Bxg4 35. Rc8 Rxc8 36. Qxc8+ Kg7 37. Nc1 Qf7 38. Nd3 Be2 39.
Nf2 Qf5 40. Qd7+ Kh6 41. Qe8 Qb1+ 42. Kg2 Qf1# 0-1

[Event "*** MasterClass Titled Tuesday Blitz"]
[Site "Chess.com"]
[Date "2017.12.12"]
[Round "9"]
[White "JSMastropiero"]
[Black "lucasmito"]
[Result "1-0"]
[WhiteElo "2333"]
[BlackElo "2235"]
[TimeControl "180+2"]
[EndTime "15:05:49 PST"]
[Termination "JSMastropiero won on time"]

1. d4 Nf6 2. c4 g6 3. Nc3 d5 4. e3 Bg7 5. Qb3 dxc4 6. Bxc4 O-O 7. Nf3 Nc6 8. Bb5 Na5 9. Qa4 c6 10. Be2 b5 11. Qd1 Nd5 12. Bd2 Rb8 13. Rc1 Be6 14. Ne4 b4 15. O-O Nf6 16. Nc5 Bd5 17. Qa4 Qb6 18. Ne5 Rfd8 19. f3 Nb7 20. e4 Nxc5 21. Rxc5 Be6 22. Be3 Nd7 23. Rxc6 Qb7 24. Ba6 Qa8 25.
Rxe6 1-0

[Event "*** MasterClass Titled Tuesday Blitz"]
[Site "Chess.com"]
[Date "2017.12.12"]
[Round "9"]
[White "chessking2151"]
[Black "RoelandPruijssers"]
[Result "1-0"]
[WhiteElo "2393"]
[BlackElo "2458"]
[TimeControl "180+2"]
[EndTime "15:06:00 PST"]
[Termination "chessking2151 won by resignation"]

1. e4 c5 2. Nf3 d6 3. d4 cxd4 4. Nxd4 Nf6 5. Nc3 Nc6 6. Bg5 Bd7 7. Qd2 Nxd4 8. Qxd4 Qa5 9. f4 e5 10. Qd2 Ng4 11.
h3 exf4 12. Nd5 Qxd2+ 13. Kxd2 f6 14. Bxf4 Nf2 15. Rg1 Nxe4+ 16. Ke3 O-O-O 17. Kxe4 Bc6 18. c4 g5 19. Bd2 f5+ 20. Kd3 Bg7 21. Ne7+ Kc7 22.
Nxc6 bxc6 23. Bc3 Be5 24. Re1 h5 25. Kc2 Rhe8 26. Bd3 f4 27. Re4 Bxc3 28. Kxc3 Rxe4 29. Bxe4 Re8 30. Bf3 Re3+ 31. Kd2 h4 32. Re1 Rxe1 33. Kxe1 Kb6 34. Kd2 Kc5 35. Kc3 a5 36. b3 d5 37.
cxd5 cxd5 38. a3 1-0

[Event "*** MasterClass Titled Tuesday Blitz"]
[Site "Chess.com"]
[Date "2017.12.12"]
[Round "9"]
[White "HarutyunianTigranK"]
[Black "jcibarra"]
[Result "0-1"]
[WhiteElo "2626"]
[BlackElo "2714"]
[TimeControl "180+2"]
[EndTime "15:06:02 PST"]
[Termination "jcibarra won by resignation"]

1. Nf3 Nf6 2. c4 d6 3. d4 g6 4.
g3 Bf5 5. Bg2 Bg7 6. O-O O-O 7.
Nc3 Ne4 8. Bd2 c5 9. Nxe4 Bxe4 10. Bc3 Nc6 11. d5 Bxc3 12. bxc3 Na5 13. Nd2 Bxg2 14. Kxg2 Qd7 15. Rb1 b6 16. e4 e6 17. h4 f5 18. h5 g5 19. h6 exd5 20. cxd5 fxe4 21. Nxe4 Rae8 22. Nxg5 Qf5 23. Ne6 Rf6 24. g4 Qe4+ 25. f3 Qe3 26. g5 Rfxe6 27. dxe6 Qxg5+ 28. Kf2 Qh4+ 29. Kg1 Qg3+ 30. Kh1 Qh3+ 31. Kg1 Qg3+ 32. Kh1 Qh3+ 33. Kg1 Kh8 34. Qd5 Qg3+ 35. Kh1 Qh4+ 36. Kg2 Rg8+ 0-1

[Event "*** MasterClass Titled Tuesday Blitz"]
[Site "Chess.com"]
[Date "2017.12.12"]
[Round "9"]
[White "Sam_ChessMood"]
[Black "ristingho"]
[Result "1/2-1/2"]
[WhiteElo "2592"]
[BlackElo "2364"]
[TimeControl "180+2"]
[EndTime "15:06:04 PST"]
[Termination "Game drawn by agreement"]

1. d4 Nf6 2. Nc3 d5 3. Bf4 a6 4. e3 c5 5. dxc5 Nc6 6. a3 e5 7.
Bg5 d4 8. Ne4 Bf5 9. Bxf6 gxf6 10. Ng3 Bg6 11. e4 Bxc5 12. Nf3 Qd7 13. Bd3 O-O 14.
O-O Rac8 15. Nh4 Ne7 16. Qf3 Qc6 17. Nhf5 Bxf5 18. Nxf5 Nxf5 19. Qxf5 Qe6 20. Qf3 Kh8 21. g3 Rg8 22. Kg2 b5 23. a4 b4 24. a5 Be7 25.
Qe2 Rc6 26. b3 Rgc8 27. Ra2 Bf8 28. Bc4 Rxc4 29. bxc4 Rxc4 30. Rb1 Qc6 31. Rb3 Be7 32. Rf3 Rc5 33. h4 Rc4 34. h5 h6 35.
Rb2 Kh7 36. Rd3 Bd8 37. Qf3 Bxa5 38. Qf5+ Kg7 39. Qg4+ Kh7 40. Rf3 Bd8 41. Qf5+ Kg7 42. Qg4+ Kh8 1/2-1/2

[Event "*** MasterClass Titled Tuesday Blitz"]
[Site "Chess.com"]
[Date "2017.12.12"]
[Round "9"]
[White "gammagramma"]
[Black "wonderfultime"]
[Result "0-1"]
[WhiteElo "2469"]
[BlackElo "2705"]
[TimeControl "180+2"]
[EndTime "15:06:06 PST"]
[Termination "wonderfultime won by resignation"]

1. d4 d5 2. Bf4 Nf6 3. e3 c5 4.
c3 e6 5. Nd2 Bd6 6. Bg3 O-O 7. Ngf3 Qc7 8. Bd3 Nbd7 9. Qe2 e5 10.
dxe5 Nxe5 11. Nxe5 Bxe5 12. O-O Bg4 13. Bxe5 Qxe5 14. f3 Bh5 15. Qf2 Bg6 16. f4 Qd6 17. f5 Bh5 18. h3 Rae8 19. Rae1 Re7 20. g4 Bxg4 21. hxg4 Nxg4 22. Qh4 Nf6 23. e4 Rfe8 24. Bb5 Rd8 25. Qf4 Re5 26. Nf3 Rxe4 27. Qxd6 Rxd6 28. Rxe4 dxe4 29. Ne5 Rd5 30. Nc4 a6 31. Ne3 Rd2 32. Bc4 b5 33. Bb3 Rxb2 34. Rd1 Kf8 35. Rd8+ Ke7 36.
Rb8 Kd6 37. Bxf7 Re2 38. Nf1 Ke5 39. c4 b4 40. Rc8 Rxa2 41. Rxc5+ Kf4 42. Rc8 Ra1 43. c5 Ng4 44. Bc4 Ne5 45. Be2 Ra2 46. Kf2 Nd3+ 47. Kg1 Rxe2 48. c6 Rc2 49. c7 Ne5 50. f6 gxf6 51. Ne3 Kxe3 0-1

[Event "*** MasterClass Titled Tuesday Blitz"]
[Site "Chess.com"]
[Date "2017.12.12"]
[Round "9"]
[White "Kacparov"]
[Black "Yaacovn"]
[Result "1-0"]
[WhiteElo "2614"]
[BlackElo "2630"]
[TimeControl "180+2"]
[EndTime "15:06:17 PST"]
[Termination "Kacparov won by resignation"]

1. e4 c6 2. Nf3 d5 3. Nc3 dxe4 4. Nxe4 Nf6 5. Nxf6+ gxf6 6. g3 Bg4 7. Bg2 Nd7 8. h3 Bh5 9. O-O e6 10. d4 Qc7 11. c3 O-O-O 12. Qb3 Rg8 13. a4 Bd6 14. g4 Bxg4 15. hxg4 Rxg4 16. Rd1 Rdg8 17. Ne1 Qa5 18. Kf1 Qf5 19. Bf3 Rh4 20. Be3 Bf4 21. Ng2 Bxe3 22.
Nxh4 Qf4 23. Ke2 Bxf2 24. Ng2 Rxg2 25. Bxg2 Qe3+ 26. Kf1 Bg3 27. Qc2 f5 28. Rd3 Qf4+ 29. Rf3 Qh4 30. Qd3 Bc7 31. Rh3 Qg5 32. Rxh7 Nf6 33. Rh8+ Kd7 34. Re1 Bg3 35. Qe3 Bf4 36. Qh3 Ng4 37. Rh7 Ke8 38. Qh5 Nh2+ 39. Kg1 Qg3 1-0

[Event "*** MasterClass Titled Tuesday Blitz"]
[Site "Chess.com"]
[Date "2017.12.12"]
[Round "9"]
[White "saraswathii"]
[Black "Winehouse83"]
[Result "0-1"]
[WhiteElo "2263"]
[BlackElo "2418"]
[TimeControl "180+2"]
[EndTime "15:06:18 PST"]
[Termination "Winehouse83 won by resignation"]

1. e4 e5 2. d3 Bc5 3. Nf3 d6 4. g3 Nf6 5. Bg2 h6 6. c3 O-O 7. O-O Nc6 8. Na3 Bxa3 9. bxa3 d5 10. exd5 Nxd5 11. Bb2 Re8 12. Re1 Nb6 13. c4 Bg4 14. Qb3 Bxf3 15. Bxf3 a5 16. c5 a4 17. Qc2 Nd7 18.
Rab1 Ra5 19. Ba1 Rxc5 20. Qxa4 Nb6 21. Qe4 Re6 22. Qe3 Ra5 23. Bg4 Rd6 24. Bf5 Nd5 25.
Qe2 Nde7 26. Be4 b6 27. f4 exf4 28. gxf4 Nd5 29. Bf5 Nce7 30. Be4 f5 31. Bxd5+ Nxd5 32. Qe8+ Qxe8 33. Rxe8+ Kf7 34. Rc8 Rxa3 35. Be5 Rg6+ 36. Kf2 Rxa2+ 37. Rb2 Rxb2+ 38. Bxb2 Rc6 39. Be5 Rc2+ 40. Kg3 g5 41. fxg5 hxg5 42. h4 f4+ 43. Kg4 Rg2+ 44. Kf5 Ne7+ 0-1

[Event "*** MasterClass Titled Tuesday Blitz"]
[Site "Chess.com"]
[Date "2017.12.12"]
[Round "9"]
[White "Quiet_Desperation"]
[Black "AndrewDGreen"]
[Result "1-0"]
[WhiteElo "2361"]
[BlackElo "2073"]
[TimeControl "180+2"]
[EndTime "15:06:20 PST"]
[Termination "Quiet_Desperation won on time"]

1. e4 Nf6 2. e5 Nd5 3. Nc3 Nxc3 4. bxc3 d5 5. Nf3 c5 6. d4 Nc6 7.
Be3 g6 8. h3 Bg7 9. Be2 O-O 10.
O-O f6 11. exf6 Bxf6 12. Bh6 Re8 13. Rb1 b6 14. Bb5 Bb7 15. dxc5 bxc5 16. Re1 e5 17. Nh2 Qd6 18. Ng4 Bh8 19. Ba4 Bc8 20.
Bb3 Be6 21. Qf3 Bf7 22. Rbd1 e4 23. Rxe4 Ne5 24. Nxe5 Bxe5 25. Ree1 Rad8 26. Bg5 Bh2+ 27. Kh1 Rxe1+ 28. Rxe1 Rf8 29. Bh6 Rc8 30. g3 c4 31.
Ba4 Qa6 32. Re7 1-0

[Event "*** MasterClass Titled Tuesday Blitz"]
[Site "Chess.com"]
[Date "2017.12.12"]
[Round "9"]
[White "florianschwabeneder"]
[Black "Divertissement"]
[Result "1-0"]
[WhiteElo "2481"]
[BlackElo "2402"]
[TimeControl "180+2"]
[EndTime "15:06:21 PST"]
[Termination "florianschwabeneder won by checkmate"]

1. e4 c5 2. a3 g6 3. Bc4 Bg7 4. d3 e6 5. Nc3 Ne7 6. Ba2 O-O 7. Nf3 b6 8. O-O Bb7 9. Re1 d5 10. Bf4 Nbc6 11. Qc1 Nd4 12. Qd1 h6 13. h3 g5 14.
Bd2 Ng6 15. exd5 exd5 16. Nxd4 cxd4 17. Ne2 Be5 18. Ng3 Bxg3 19. fxg3 Re8 20. Qf3 Qd7 21. Qf2 Qa4 22. Bb3 Qd7 23. Qxd4 Rac8 24. Bc3 f6 25. Qxf6 Qf7 26. Qd4 Kh7 27. Rf1 Qd7 28.
Rf6 Re7 29. Raf1 Rce8 30. Bb4 Rg7 31. Rd6 Qc7 32. Rff6 Reg8 33. Bc3 Qe7 34. Kh2 h5 35. Bxd5 h4 36. gxh4 Bxd5 37. Qxd5 Qe2 38. Qxg5 b5 39. Rxg6 Rxg6 40. Rd7+ R8g7 41. Rxg7+ Kh8 42. Qd8+ Qe8 43. Qxe8# 1-0

[Event "*** MasterClass Titled Tuesday Blitz"]
[Site "Chess.com"]
[Date "2017.12.12"]
[Round "9"]
[White "leopato"]
[Black "liquormark"]
[Result "1-0"]
[WhiteElo "1795"]
[BlackElo "1972"]
[TimeControl "180+2"]
[EndTime "15:06:25 PST"]
[Termination "leopato won by checkmate"]

1. e3 d6 2. b3 Nf6 3. Bb2 g6 4.
f4 Bg7 5. Nf3 c5 6. Bb5+ Bd7 7.
a4 O-O 8. O-O a6 9. Bd3 Nc6 10.
Qe1 Rb8 11. Qh4 b5 12. axb5 axb5 13. Nc3 b4 14. Ne2 Ra8 15. Ng3 Qc7 16. f5 Rfb8 17.
Ng5 Ne5 18. Bxe5 dxe5 19. Rxa8 Rxa8 20. fxg6 hxg6 21. N3e4 Rb8 22. Nxf6+ exf6 23. Rxf6 Be8 24. Qh7+ Kf8 25. Ne6+ Ke7 26. Nxc7 Bxf6 27. Nd5+ Ke6 28. Bc4 Bd8 29. Qh3+ f5 30. e4 Bd7 31. exf5+ gxf5 32. Nb6+ Kd6 33. Nxd7 Kc7 34. Qxf5 Ra8 35. Nxe5 Ra1+ 36. Kf2 Bh4+ 37. g3 Bd8 38. Qd7+ Kb6 39. Qc6+ Ka7 40. Qd7+ Kb6 41. Qxd8+ Ka7 42. Qc7+ Ka8 43. Bd5# 1-0

[Event "*** MasterClass Titled Tuesday Blitz"]
[Site "Chess.com"]
[Date "2017.12.12"]
[Round "9"]
[White "Keaton87"]
[Black "bascheyaro"]
[Result "1-0"]
[WhiteElo "2534"]
[BlackElo "2623"]
[TimeControl "180+2"]
[EndTime "15:06:28 PST"]
[Termination "Keaton87 won by resignation"]

1. d4 e6 2. e4 d5 3. Nd2 c5 4. Ngf3 Nc6 5. exd5 exd5 6. Bb5 c4 7. O-O Bd6 8. b3 cxb3 9. axb3 Ne7 10. c4 O-O 11. c5 Bc7 12. Bd3 Bf5 13. Bc2 a6 14.
Re1 Qd7 15. Nf1 Rae8 16. Ng3 Bxc2 17. Qxc2 Ng6 18. Bd2 Bf4 19. Bc3 Re6 20. Rxe6 fxe6 21. Re1 Bb8 22. Qd1 Nf4 23. Bd2 h6 24. Bxf4 Bxf4 25. Qe2 Re8 26. Nh5 Bc7 27. Qd3 Qf7 28.
Ng3 e5 29. dxe5 Nxe5 30. Nxe5 Bxe5 31. Rd1 Bxg3 32. hxg3 Rd8 33. Qd4 Qe6 34. Rd3 Qf6 35. Qxf6 gxf6 36. g4 Kf7 37. f4 Ke6 38. Kf2 d4 39.
Rh3 Rh8 40. Rh5 Rg8 41. Kf3 d3 42. Rxh6 Kd5 43. Rxf6 Kxc5 44. Rh6 Kd4 45. Rh1 Kc3 46. f5 Kxb3 47. Kf4 Kc2 48. f6 d2 49. g5 Re8 50.
Ra1 Re1 51. Ra2+ Kd3 52. Rxd2+ Kxd2 53. g6 Rf1+ 54. Kg5 b5 55. g7 b4 56. g8=Q b3 57.
Qxb3 1-0

[Event "*** MasterClass Titled Tuesday Blitz"]
[Site "Chess.com"]
[Date "2017.12.12"]
[Round "9"]
[White "SharkAnto55"]
[Black "AndreyOstrovskiy"]
[Result "0-1"]
[WhiteElo "2373"]
[BlackElo "2485"]
[TimeControl "180+2"]
[EndTime "15:06:28 PST"]
[Termination "AndreyOstrovskiy won by resignation"]

1. d4 Nf6 2. c4 e6 3. Nf3 b6 4. g3 c6 5. Nc3 d5 6. Bg2 Be7 7. O-O O-O 8. Ne5 Bb7 9. e4 dxc4 10.
Nxc4 Ba6 11. b3 b5 12. Ne5 b4 13. Na4 Bxf1 14. Kxf1 Nfd7 15. Nd3 Nb6 16. Be3 Nxa4 17. bxa4 Nd7 18. Rc1 Rc8 19. Qb3 Qa5 20. e5 c5 21.
d5 Qa6 22. Kg1 c4 23. Nxb4 Qa5 24. Rxc4 Rxc4 25. Nc6 Qe1+ 26. Bf1 Rxc6 27. dxc6 Nxe5 28.
Qb7 Bd6 29. c7 Qc3 30. c8=Q Qxc8 31. Qxa7 Bb8 0-1

[Event "*** MasterClass Titled Tuesday Blitz"]
[Site "Chess.com"]
[Date "2017.12.12"]
[Round "9"]
[White "PulpanJ"]
[Black "Jbd735"]
[Result "1-0"]
[WhiteElo "2487"]
[BlackElo "2273"]
[TimeControl "180+2"]
[EndTime "15:06:53 PST"]
[Termination "PulpanJ won by resignation"]

1. d4 d5 2. Nf3 Nf6 3. c4 c6 4. Nbd2 e6 5. g3 c5 6. Bg2 Nc6 7. O-O cxd4 8. cxd5 Nxd5 9. Nc4 Bc5 10. a3 a5 11.
Nfe5 O-O 12. Nxc6 bxc6 13. Ne5 Qc7 14. Nd3 Bb6 15. Nf4 Bb7 16. Bd2 e5 17. Nxd5 cxd5 18. Qb3 Qd6 19. Rac1 Rfd8 20. Bg5 f6 21. Bd2 Kh8 22.
Rc2 Ba6 23. Rfc1 Bc4 24. Qa4 Bxe2 25. Rc6 Qd7 26. Qb3 Ba7 27. Bxa5 Bc4 28. Qa4 Bb6 29. R6xc4 Qxa4 30. Rxa4 Rxa5 31. Rb4 Bc5 32. Rb7 Bf8 33. Kf1 e4 34. Ke2 f5 35. Bh3 d3+ 36. Kd1 d4 37.
Rf7 e3 38. Rxf5 e2+ 39. Kd2 Rxf5 40. Bxf5 Rb8 41. b4 Ra8 42. Bxd3 Rxa3 43. Rc8 Rxd3+ 44.
Kxd3 Kg8 45. Kxe2 Kf7 46. b5 Bb4 47. Kd3 1-0